 Dungeon Crawl Stone Soup version 0.30-a0-424-g7412bad402 (webtiles) character file.

Game seed: 12726445531950322507

62 McMuffin the Chopper (level 3, -10/28 (29) HPs)
             Began as a Demigod Wanderer on Dec 9, 2022.
             Mangled by Crazy Yiuf
             ... wielding a +3 quarterstaff of chaos
              (13 damage)
             ... on level 2 of the Dungeon.
             The game lasted 00:04:52 (982 turns).

McMuffin the Chopper (Demigod Wanderer)              Turns: 982, Time: 00:04:53

HP:   -10/28 (29)   AC:  6    Str: 13    XL:     3   Next: 60%
MP:   6/6           EV: 11    Int: 13    God:
Gold: 45            SH:  0    Dex: 18    Spells: 4/4 levels left

rFire   . . .      SeeInvis .    a - +3 hand axe
rCold   + . .      Faith    .    (no shield)
rNeg    . . .      Spirit   .    e - +0 leather armour
rPois   .          Reflect  .    k - +2 helmet
rElec   .          Harm     .    (no cloak)
rCorr   .          Rampage  .    (no gloves)
Will    .....                    (no boots)
Stlth   +.........               (no amulet)
HPRegen 0.24/turn                n - ring of protection from cold
MPRegen 0.10/turn                (no ring)

@: lightly drained, invisible
A: high MP 1, forlorn, divine attributes
a: no special abilities


You were on level 2 of the Dungeon.
You visited 1 branch of the dungeon, and saw 2 of its levels.

You collected 45 gold pieces.

Inventory:

Hand Weapons
 a - a +3 hand axe (weapon)
 b - a +0 sling
Armour
 d - a +0 robe
 e - a +0 leather armour (worn)
 k - a +2 helmet (worn)
Jewellery
 n - a ring of protection from cold (left hand)
Scrolls
 f - 2 scrolls of teleportation {unknown}
 h - a scroll of amnesia {unknown}
 i - a scroll of immolation {unknown}
 j - 5 scrolls of identify {unknown}
Potions
 c - a potion of attraction {unknown}
 g - 2 potions of flight {unknown}
 l - a potion of might {unknown}
 m - a potion of ambrosia {unknown}
 o - a potion of haste {unknown}


   Skills:
 + Level 1.8 Fighting
 + Level 4.7 Axes
 + Level 1.8 Ranged Weapons
 + Level 1.6 Armour
 + Level 0.1 Dodging
 + Level 1.0 Spellcasting


You had 4 spell levels left.
You didn't know any spells.
Your spell library was empty.

Dungeon Overview and Level Annotations

Branches:
Dungeon (2/15)

Annotations:
D:2 Crazy Yiuf


Innate Abilities, Weirdness & Mutations

You have an increased reservoir of magic. (+10% MP)
You shall have no god before yourself.
Your divine heritage dramatically boosts your attributes as you level up.


Message History

The bat misses you.
You miss the bat. The bat hits you but does no damage.
The bat hits you but does no damage.
You closely miss the bat. The bat closely misses you.
You barely miss the bat. The bat closely misses you.
You hit the bat.
You kill the bat!
Things that are here:
a +0 club; a goblin corpse
Found a hammer.
Found a hammer.
You see here a +0 hammer.
You see here a +0 hammer.
Found a hammer.
Found a runed translucent door.
Crazy Yiuf shouts!
You open the door. You closely miss Crazy Yiuf.
Crazy Yiuf yells, "Prologue canine foot!"
Crazy Yiuf barely misses you.
You closely miss Crazy Yiuf.
Crazy Yiuf hits you with a +3 quarterstaff of chaos.
You fade into invisibility!
You hit Crazy Yiuf.
Crazy Yiuf is lightly wounded.
Crazy Yiuf closely misses you.
You closely miss Crazy Yiuf.
Crazy Yiuf is lightly wounded.
Crazy Yiuf hits you with a +3 quarterstaff of chaos!
Crazy Yiuf hits you with a +3 quarterstaff of chaos.
You feel drained.
You catch the helpless Crazy Yiuf completely off-guard!
You hit Crazy Yiuf.
Crazy Yiuf is moderately wounded.
Crazy Yiuf closely misses you.
You slash Crazy Yiuf!
Crazy Yiuf is severely wounded.
Crazy Yiuf hits you with a +3 quarterstaff of chaos!
* * * LOW HITPOINT WARNING * * *
You are electrocuted!
You die...

##### #.....##.......#.....#
...# ###........#...#.).....#
##..####......................#
# #.....#################.....#
# ###..## #.....# ##.# #.....#
#.###♣♣ ### #.....# #...#.♣♣
♣♣#..)# #.....#
#......♣♣♣♣@g...# #######
##....).♣..♣#...# ##)#♣.♣.♣♣♣
### ###♣♣♣♣♣


You could see Crazy Yiuf (unable to see you).

Vanquished Creatures
  A gnoll (D:1)
  3 adders (D:2)
  2 dart slugs (D:2)
  A giant cockroach (D:2)
  5 goblins (D:2)
  A hobgoblin (D:1)
  2 quokkas (D:2)
  5 ball pythons
  2 bats (D:2)
  A frilled lizard (D:2)
  2 rats
25 creatures vanquished.

Notes
Turn   | Place    | Note
-------+----------+-------------------------------------------
     0 | D:1      | McMuffin the Demigod Wanderer began the quest for the Orb.
     0 | D:1      | McMuffin set off with the following items: a +3 hand axe, a
                  | +0 sling, a potion of heal wounds, a +0 robe.
     0 | D:1      | Reached XP level 1. HP: 17/17 MP: 4/4
   115 | D:1      | Reached skill level 4 in Axes
   115 | D:1      | Reached XP level 2. HP: 3/24 MP: 5/5
   399 | D:1      | You fall into a shaft and drop 1 floor!
   680 | D:2      | Reached XP level 3. HP: 28/29 MP: 6/6
   972 | D:2      | Found a runed translucent door.
   973 | D:2      | Noticed Crazy Yiuf
   982 | D:2      | Mangled by Crazy Yiuf

Illustrated notes

Levels and vault maps discovered:
D:1:      lightli_arrival_maybe_door_vault, layout_loops_ring,
          minmay_door_square, nicolae_titane
D:2:      layout_rooms, minmay_pentomino_u4, uniq_crazy_yiuf_cottage

Skill      XL: |  1 |
---------------+----+-----
Axes           | 4 |  4.7
Fighting       | |  1.8
Ranged Weapons | |  1.8
Armour         | |  1.6
Dodging        | |  0.1
Spellcasting   | |  1.0

Action                   || total
-------------------------++-------
Melee: Hand axe          ||    74
       Punch             ||     1
  Use: Potion            ||     1
 Stab: Invisible         ||     1
Armor: Leather armour    ||    31
Dodge: Dodged            ||    59

Table legend: (Time is in decaauts)
 A = Elapsed time spent in this place.
 B = Non-inter-level travel time spent in this place.
 C = Inter-level travel time spent in this place.
 D = Time resting spent in this place.
 E = Time spent auto-exploring this place.
 F = Levels seen in this place.
 G = Mean time per level.
                   A        B        C        D        E       F      G
               +--------+--------+--------+--------+--------+-----+--------+
         Total |    987 |    987 |      0 |    155 |      0 |   2 |  493.5 |
       Dungeon |    987 |    987 |      0 |    155 |      0 |   2 |  493.5 |
               +--------+--------+--------+--------+--------+-----+--------+

Top non-repeatable levels by time:
     D:2: 586 daAuts
     D:1: 400 daAuts
